 Dungeon Crawl Stone Soup version 0.30-a0-989-g0d87f670db (webtiles) character file.

Game seed: 1192148562870378702

13369 mandarbmax the Arsonist (level 12, 0/110 HPs)
             Began as a Naga Fire Elementalist on Apr 2, 2023.
             Was the Champion of Cheibriados.
             Slain by a troll (2 damage)
             ... on level 11 of the Dungeon.
             The game lasted 00:45:50 (13063 turns).

mandarbmax the Arsonist (Naga Fire Elementalist)   Turns: 13063, Time: 00:45:50

Health: 0/110      AC: 14    Str: 34    XL:     12   Next: 5%
Magic:  11/30      EV:  9    Int: 34    God:    Cheibriados [******]
Gold:   43         SH: 13    Dex: 26    Spells: 8/23 levels left

rFire   . . .      SeeInvis +    v - +11 dagger of the Pits of Slime {flame, rPois MP+9 Str+8 Dex-2}
rCold   . . .      Faith    .    F - +0 kite shield
rNeg    . . .      Spirit   .    E - +1 swamp dragon scales
rPois   +          Reflect  .    p - +2 hat
rElec   .          Rampage  .    (no cloak)
rCorr   .          Archmagi +    I - +1 pair of gloves
Will    ++...                    (no barding)
Stlth   ++                       n - amulet of regeneration
HPRegen 1.18/turn                x - ring of willpower
MPRegen 0.22/turn                R - ring of the Mage {Wiz Archmagi}

@: about to teleport, very slightly contaminated, very slow
A: AC +4, large, see invisible, deformed body, poison resistance, slowness 2,
spit poison 1, naga tail 1
a: Spit Poison, Renounce Religion, Bend Time, Temporal Distortion, Slouch, Step
From Time


You were on level 11 of the Dungeon.
You worshipped Cheibriados.
Cheibriados was exalted by your worship.
You visited 2 branches of the dungeon, and saw 12 of its levels.

You collected 817 gold pieces.
You spent 774 gold pieces at shops.

Inventory:

Hand Weapons
 k - the +2 demon blade of Severance {vamp, rF+}
   (You found it on level 8 of the Dungeon)

   rF:        It protects you from fire.
 v - the +11 dagger of the Pits of Slime (weapon) {flame, rPois MP+9 Str+8 Dex-2}
   (You took it off a gnoll bouda on level 4 of the Dungeon)

   Str:       It affects your strength (+8).
   Dex:       It affects your dexterity (-2).
   rPois:     It protects you from poison.
   MP:        It affects your magic capacity (+9).
Armour
 h - a +2 hat
 o - the +0 pair of gloves "Lamefur" {Dex+5}
   (You found it on level 8 of the Dungeon)

   Dex:       It affects your dexterity (+5).
 p - a +2 hat (worn)
 E - +1 swamp dragon scales (worn)
 F - a +0 kite shield (worn)
 G - a +0 barding
 I - a +1 pair of gloves (worn)
 M - +0 acid dragon scales
Jewellery
 n - an amulet of regeneration (around neck)
 x - a ring of willpower (left hand)
 C - a ring of protection from cold
 H - an amulet of guardian spirit
 J - an amulet of reflection
 R - the ring of the Mage (right hand) {Wiz Archmagi}
   (You bought it in a shop on level 11 of the Dungeon)

   [ring of wizardry]

   It improves your spell success rate.
   Archmagi:  It increases the power of your magical spells.
Wands
 i - a wand of polymorph (9)
 s - a wand of charming (25)
 z - a wand of flame (33)
 D - a wand of iceblast (12)
Scrolls
 a - a scroll of butterflies {unknown}
 d - 8 scrolls of teleportation
 f - 3 scrolls of magic mapping
 g - a scroll of blinking
 j - 3 scrolls of poison {unknown}
 q - a scroll of enchant weapon
 t - 5 scrolls of enchant armour {unknown}
 u - a scroll of immolation
 w - 2 scrolls of amnesia {unknown}
 B - 3 scrolls of fog
 K - a scroll of fear
 N - a scroll of torment {unknown}
 Q - 3 scrolls of identify
Potions
 b - 2 potions of magic
 c - 6 potions of flight {unknown}
 e - a potion of brilliance
 l - 3 potions of curing
 m - 8 potions of attraction {unknown}
 r - a potion of cancellation
 O - a potion of might {unknown}
 P - a potion of lignification {unknown}
Miscellaneous
 y - a lightning rod (4/4)
 A - a condenser vane
 L - a phantom mirror


   Skills:
 - Level 8.0 Fighting
 - Level 2.6 Short Blades
 - Level 5.0 Armour
 - Level 2.0 Dodging
 - Level 3.0 Stealth
 - Level 7.0 Shields
 + Level 6.3 Spellcasting
 * Level 4.2 Conjurations
 - Level 12.0 Fire Magic


You had 8 spell levels left.
You knew the following spells:

 Your Spells              Type           Power      Damage    Failure   Level
a - Foxfire               Conj/Fire      100%       2x1d6     1%          1
b - Scorch                Fire           100%       2d10      1%          2
c - Kindle Blastsparks    Fire/Tloc/Air  100%       2d18      2%          3
d - Flame Wave            Conj/Fire      78%        2d17      1%          4
e - Irradiate             Conj/Tmut      18%        3d17      43%         5

Your spell library contained the following spells:

 Spells                   Type           Power      Damage    Failure   Level
 Inner Flame              Hex/Fire       67%        N/A       1%          3
 Summon Small Mammal      Summ           64%        N/A       4%          1
 Dazzling Flash           Conj/Hex       74%        N/A       6%          3
 Ensorcelled Hibernation  Hex/Ice        32%        N/A       7%          2
 Passwall                 Tmut/Erth      13%        N/A       7%          2
 Call Canine Familiar     Summ           16%        N/A       13%         3
 Frozen Ramparts          Ice            32%        1d5       13%         3
 Portal Projectile        Hex/Tloc       32%        N/A       13%         3
 Summon Guardian Golem    Hex/Summ       16%        N/A       13%         3
 Swiftness                Air            16%        N/A       13%         3
 Tukima's Dance           Hex            16%        N/A       13%         3
 Ice Form                 Ice/Tmut       16%        N/A       38%         4
 Passage of Golubria      Tloc           16%        N/A       38%         4
 Summon Ice Beast         Ice/Summ       16%        N/A       38%         4
 Agony                    Necr           16%        N/A       73%         5
 Alistair's Intoxication  Tmut/Pois      10%        N/A       73%         5
 Blade Hands              Tmut           8%         N/A       73%         5
 Borgnjor's Vile Clutch   Necr/Erth      8%         N/A       73%         5
 Silence                  Hex/Air        8%         N/A       73%         5
 Yara's Violent Unravell  Hex/Tmut       8%         3d5       73%         5
 Eringya's Noxious Bog    Tmut/Pois      8%         N/A       99%         6
 Dragon Form              Tmut           8%         N/A       100%        7


Dungeon Overview and Level Annotations

Branches:
Dungeon (11/15)            Temple (1/1) D:4
   Lair: D:8-11         Orc: D:9-12

Altars:
Ashenzari
Cheibriados
Dithmenos
Elyvilon
Fedhas
Gozag
Hepliaklqana
Kikubaaqudgha
Makhleb
Nemelex Xobeh
Okawaru
Qazlal
Ru
Sif Muna
Trog
Uskayaw
Vehumet
Wu Jian
Xom
Yredelemnul
Zin
The Shining One

Shops:
D:6 (   D:8 *   D:9 ?   D:11 =

Annotations:
D:9 1 runed translucent door, ragingrage's ghost, journeyman OpWr
D:11 Lodul


Innate Abilities, Weirdness & Mutations

Your serpentine skin is tough. (AC +4)
You have supernaturally acute eyesight. (SInv)
Armour fits poorly on your strangely shaped body.
Your system is resistant to poisons. (rPois)
You cover ground very slowly.
You can spit poison.
You have a snake-like lower body.


Message History

Lodul stamps his feet.
Lodul hits you with a +0 dire flail!
* * * LOW HITPOINT WARNING * * *
The boulder beetle leaps!
Unknown command.
As you read the scroll of teleportation, it crumbles to dust.
You feel strangely unstable. You block Lodul's attack.
Casting: Flame Wave (mildly dangerous; 1% risk of failure)
Confirm with . or Enter, or press ? or * to list all spells.
You don't know that spell.
Casting: Flame Wave (mildly dangerous; 1% risk of failure)
Confirm with . or Enter, or press ? or * to list all spells.
You feel a surge of power!
You miscast Kindle Blastsparks.
You are very lightly contaminated with residual magic.
Nothing appears to happen.
You block Lodul's attack.
A manticore comes into view.
Casting: Kindle Blastsparks (mildly dangerous; 2% risk of failure)
Confirm with . or Enter, or press ? or * to list all spells.
You feel a surge of power!
A cloud of volatile blastsparks flares up around you!
Your surroundings suddenly seem different.
Splash!
You fall into the shallow water.
A troll, 2 wolves and 2 komodo dragons come into view.
The komodo dragon hisses angrily.
You hear an angry buzzing noise.
You hear a howl!
A wolf comes into view.
You block the troll's attack. The troll barely misses you. The troll claws you.
* * * LOW HITPOINT WARNING * * *
As you read the scroll of teleportation, it crumbles to dust.
You feel strangely unstable. The troll bites you.
* * * LOW HITPOINT WARNING * * *
You block the troll's attack. The troll claws you.
* * * LOW HITPOINT WARNING * * *
Unknown command.
Found a stone staircase leading up.
The komodo dragon bites you!!
* * * LOW HITPOINT WARNING * * *
The troll bites you but does no damage. You block the troll's attack.
The troll claws you.
You die...

##.##......#
##..........~
..........~~
###...~≈..~≈≈≈
......~~.~≈≈≈
#..^~l~~≈≈~~ ...
#..~≈≈≈≈≈~.~ #.#
#<###..~T~~≈~.~.
#.#
#......@lhh.....
#.#
........h~~≈~.~.
#.#
#####.....≈≈~≈..
#.#
....~~≈~≈≈≈~~
#.##
......~~≈≈≈~~~
...#
..........~~..~~
...#
................
...#
...............
...#


You could see 2 komodo dragons, a troll and 3 wolves.

Vanquished Creatures
  A two-headed ogre (D:11)
  Pikel (D:9)
  An orc sorcerer (D:8)
  2 deep elf pyromancers (D:8)
  A manticore (D:8)
  An ugly thing (D:8)
  Maggie (D:6)
  2 kobold demonologists
  4 hornets
  A shadow (D:11)
  2 wraiths
  15 yaks
  3 steam dragons
  An acid dragon (D:10)
  3 water moccasins
  6 orc warriors
  A sky beast (D:6)
  2 ice beasts
  9 ogres
  6 centaurs
  4 kobold brigands
  9 bullfrogs
  6 gnoll sergeants
  4 scorpions
  6 wights
  2 killer bees (D:9)
  6 orc priests
  4 hounds
  2 jellies
  3 gnoll boudas
  4 iguanas
  Jessica (D:2)
  Terence (D:3)
  13 orc wizards
  25 gnolls
  16 adders
  A shadow imp (D:6)
  2 white imps (D:8)
  4 worms
  2 dart slugs
  40 orcs
  8 ball pythons
  5 bats
  8 endoplasms
  6 giant cockroaches
  10 goblins
  6 hobgoblins
  2 jackals (D:3)
  28 kobolds
  6 quokkas
  4 frilled lizards
  6 rats
307 creatures vanquished.

Vanquished Creatures (others)
  843 foxfires
843 creatures vanquished.

Grand Total: 1150 creatures vanquished

Notes
Turn   | Place    | Note
-------+----------+-------------------------------------------
     0 | D:1      | mandarbmax the Naga Fire Elementalist began the quest for
                  | the Orb.
     0 | D:1      | Reached XP level 1. HP: 15/15 MP: 3/3
   216 | D:1      | Reached XP level 2. HP: 22/22 MP: 0/5
  1018 | D:1      | Found a faded altar of an unknown god.
  1119 | D:2      | Reached XP level 3. HP: 28/28 MP: 0/6
  1793 | D:2      | Reached XP level 4. HP: 36/36 MP: 5/7
  2069 | D:2      | Learned a level 2 spell: Scorch
  2073 | D:2      | Learned a level 3 spell: Kindle Blastsparks
  2305 | D:2      | Noticed Jessica
  2312 | D:2      | Killed Jessica
  2313 | D:2      | Reached skill level 4 in Fire Magic
  2609 | D:3      | Reached XP level 5. HP: 42/42 MP: 4/8
  2792 | D:3      | Reached skill level 5 in Fire Magic
  2929 | D:3      | Noticed Terence
  2939 | D:3      | Killed Terence
  2940 | D:3      | Reached XP level 6. HP: 49/49 MP: 1/9
  3126 | D:3      | Found a hazy altar of Hepliaklqana.
  3127 | D:3      | Found a faded altar of an unknown god.
  3192 | D:3      | Found a shimmering altar of Xom.
  3327 | D:3      | Reached skill level 6 in Fire Magic
  3386 | D:3      | Found a blossoming altar of Fedhas.
  3727 | D:3      | Identified the +0 robe "Toille" {rPois MP+9 Int+3}
  3986 | D:3      | Found a white marble altar of Elyvilon.
  4568 | D:4      | Found a staircase to the Ecumenical Temple.
  4575 | Temple   | Entered the Ecumenical Temple
  4619 | Temple   | Became a worshipper of Cheibriados the Contemplative
  4710 | D:4      | Reached skill level 7 in Fire Magic
  4710 | D:4      | Reached XP level 7. HP: 55/55 MP: 1/10
  4715 | D:4      | Learned a level 4 spell: Flame Wave
  4759 | D:4      | Identified the +11 dagger of the Pits of Slime {flame,
                  | rPois MP+9 Str+8 Dex-2}
  5532 | D:3      | Found a burning altar of Makhleb.
  5578 | D:5      | Entered Level 5 of the Dungeon
  5656 | D:5      | Reached * piety under Cheibriados
  5805 | D:5      | Reached skill level 8 in Fire Magic
  6089 | D:5      | Reached skill level 9 in Fire Magic
  6089 | D:5      | Reached XP level 8. HP: 62/62 MP: 11/11
  6172 | D:5      | Found a hide-covered altar of Uskayaw.
  6409 | D:5      | Reached ** piety under Cheibriados
  6732 | D:5      | Reached skill level 10 in Fire Magic
  7158 | D:6      | Reached skill level 11 in Fire Magic
  7158 | D:6      | Reached XP level 9. HP: 22/68 MP: 1/12
  7249 | D:6      | Found a sacrificial altar of Ru.
  7345 | D:6      | Noticed Maggie
  7366 | D:6      | Killed Maggie
  7470 | D:6      | Reached skill level 12 in Fire Magic
  7474 | D:6      | Reached *** piety under Cheibriados
  7475 | D:6      | Reached skill level 1 in Fighting
  7493 | D:6      | Reached skill level 1 in Armour
  7706 | D:6      | Found Porioc's Antique Weapon Emporium.
  8087 | D:7      | Noticed a hornet
  8092 | D:7      | Paralysed by a hornet for 1 turns
  8093 | D:7      | Killed a hornet
  8200 | D:7      | Noticed a hornet
  8205 | D:7      | Killed a hornet
  8417 | D:7      | Reached XP level 10. HP: 68/84 MP: 0/13
  8758 | D:7      | Found a stormy altar of Qazlal.
  8794 | D:7      | Reached **** piety under Cheibriados
  8795 | D:7      | Reached skill level 1 in Shields
  9844 | D:8      | Found Loits's Elemental Accessories.
  9868 | D:8      | Reached skill level 5 in Fighting
 10098 | D:8      | Identified the +9 whip of Fedhas's Displeasure {heavy,
                  | Fragile Str+4 Int+3}
 10351 | D:8      | Noticed an orc sorcerer
 10360 | D:8      | Killed an orc sorcerer
 10360 | D:8      | Noticed a kobold demonologist
 10365 | D:8      | Reached ***** piety under Cheibriados
 10367 | D:8      | Noticed a deep elf pyromancer
 10369 | D:8      | Killed a kobold demonologist
 10375 | D:8      | Noticed a deep elf pyromancer
 10377 | D:8      | Killed a deep elf pyromancer
 10388 | D:8      | Noticed a manticore
 10389 | D:8      | Killed a deep elf pyromancer
 10390 | D:8      | Reached skill level 5 in Spellcasting
 10393 | D:8      | Killed a manticore
 10394 | D:8      | Reached XP level 11. HP: 15/97 MP: 3/20
 10584 | D:8      | Noticed a red ugly thing
 10591 | D:8      | Killed a red ugly thing
 10592 | D:8      | Reached skill level 1 in Short Blades
 10710 | D:8      | Identified the +2 demon blade of Severance {vamp, rF+}
 10713 | D:8      | Identified the +0 pair of gloves "Lamefur" {Dex+5}
 10717 | D:8      | Identified the +1 lajatang of Due Proportion {drain, rPois
                  | Will- Str+4 Int+4}
 10722 | D:8      | Identified the +9 hand crossbow "Serime" {drain, rN+
                  | Stlth+}
 11459 | D:9      | Noticed Pikel
 11464 | D:9      | Killed Pikel
 11465 | D:9      | Reached skill level 5 in Shields
 11640 | D:9      | Found Geodiqaf's Magic Scroll Shoppe.
 11663 | D:9      | Bought a scroll of fear for 60 gold pieces
 11679 | D:9      | Found a runed translucent door.
 11679 | D:9      | Found a shimmering altar of Xom.
 11679 | D:9      | Noticed ragingrage's ghost (journeyman OpWr)
 11680 | D:9      | Noticed a +0 hand axe of chaos
 11932 | D:9      | Reached ****** piety under Cheibriados
 12191 | D:10     | Entered Level 10 of the Dungeon
 12654 | D:10     | Reached skill level 5 in Armour
 12922 | D:11     | Noticed a two-headed ogre
 12922 | D:11     | Found Ytwos's Jewellery Emporium.
 12926 | D:11     | Killed a two-headed ogre
 12963 | D:11     | Bought the ring of the Mage {Wiz Archmagi} for 714 gold
                  | pieces
 12963 | D:11     | Found the ring of the Mage {Wiz Archmagi}
 12988 | D:11     | Learned a level 5 spell: Irradiate
 13049 | D:11     | Noticed Lodul
 13053 | D:11     | Reached XP level 12. HP: 40/110 MP: 21/21
 13057 | D:11     | Noticed a boulder beetle
 13063 | D:11     | HP: 2/110 [komodo dragon (20)]
 13063 | D:11     | Slain by a troll

Illustrated notes

Levels and vault maps discovered:
D:1:      minmay_arrival_open_corners, layout_loops_cross,
          ebering_ecumenical_altar_webs
D:2:      layout_loops_ring, grunt_ministairs_1, minmay_bisected, uniq_jessica
D:3:      minmay_razor_zed, layout_basic, dk_xom_monty_hall, fedhas_altar_4,
          beargit_hepliaklqana_dungeon_heroes, nicolae_overflow_hidden_temple,
          uniq_terence
D:4:      layout_basic, minmay_temple_entry_statues_pillars
D:5:      minmay_skewed_foursquare, layout_basic, marbit_many_paths,
          minmay_misc_feat_secret_circle, chequers_hall_statues_wall_a
D:6:      layout_basic, mainiacjoe_overflow_24_doors, serial_shops, shop,
          minivault_10, uniq_maggie
D:7:      layout_layer_cave, mainiacjoe_overflow_paths
D:8:      minmay_the_grid_plus [minmay_the_grid_tri_star, minmay_the_grid_rooms,
          minmay_the_grid_medium_cups, minmay_the_grid_doors,
          minmay_the_grid_prize_diamond_cup], layout_loops_ring,
          nicolae_elemental_shop
D:9:      layout_basic, ebering_ghost_xom, serial_shops,
          nicolae_shop_statue_plus, minmay_increasing_density, uniq_pikel
D:10:     layout_roguey, kennysheep_donut
D:11:     layout_basic, erik_lair_island, serial_shops, nicolae_stop_n_shop_1,
          moated_statue, uniq_lodul
Temple:   nicolae_temple_ecumenical_triangle

Skill      XL: |  1  2  3  4  5  6  7  8  9 10 11 12 |
---------------+-------------------------------------+-----
Conjurations   | 2 3 4 |  4.2
Fire Magic     | 4 5 7 9 11 12 | 12.0
Fighting       | 4 6 8 |  8.0
Armour         | 3 4 5 |  5.0
Dodging        | 2 |  2.0
Shields        | 4 7 |  7.0
Spellcasting   | 6 |  6.3
Short Blades   | 2 |  2.6
Stealth        | |  3.0

Action                     |  1- 3 |  4- 6 |  7- 9 | 10-12 || total
---------------------------+-------+-------+-------+-------++-------
  Melee: Unarmed           |     3 |       |       |       ||     3
         Dagger            |     8 |    31 |    36 |   103 ||   178
         Punch             |     1 |       |       |       ||     1
   Cast: Foxfire           |    79 |   154 |   173 |    92 ||   498
         Scorch            |       |    10 |    27 |    54 ||    91
         Kindle Blastspark |       |       |     6 |     5 ||    11
         Flame Wave        |       |       |     5 |    21 ||    26
Ability: Spit Poison       |     1 |    11 |     7 |     7 ||    26
  Evoke: Condenser vane    |       |       |     1 |       ||     1
         Wand              |       |       |       |     2 ||     2
    Use: Potion            |       |     2 |       |     2 ||     4
         Scroll            |       |       |     1 |    16 ||    17
   Stab: Distracted        |     1 |       |       |       ||     1
         Sleeping          |       |     2 |     3 |     4 ||     9
 Armour: Robe              |     6 |    27 |    16 |       ||    49
         Swamp dragon scal |       |       |    10 |    88 ||    98
  Dodge: Dodged            |    10 |    22 |    47 |    89 ||   168
  Block: Kite shield       |       |       |       |   129 ||   129

Table legend: (Time is in decaauts)
 A = Elapsed time spent in this place.
 B = Non-inter-level travel time spent in this place.
 C = Inter-level travel time spent in this place.
 D = Time resting spent in this place.
 E = Time spent auto-exploring this place.
 F = Levels seen in this place.
 G = Mean time per level.
                   A        B        C        D        E       F      G
               +--------+--------+--------+--------+--------+-----+--------+
         Total |  20561 |  19575 |    986 |    338 |  16857 |  12 | 1713.4 |
       Dungeon |  20484 |  19527 |    957 |    338 |  16842 |  11 | 1862.2 |
        Temple |     77 |     48 |     29 |      0 |     15 |   1 |   77.0 |
               +--------+--------+--------+--------+--------+-----+--------+

Top non-repeatable levels by time:
     D:7: 3609 daAuts
     D:8: 2318 daAuts
     D:5: 2248 daAuts
     D:9: 2128 daAuts
     D:3: 1991 daAuts
     D:4: 1799 daAuts
     D:6: 1698 daAuts
     D:2: 1598 daAuts
    D:10: 1562 daAuts
     D:1: 1292 daAuts
    D:11: 237 daAuts
  Temple: 77 daAuts
